 Dungeon Crawl Stone Soup version 0.31-a0-1161-g593ecc8 (webtiles) character file.

Game seed: 11106265911036800427

2829223 Soulflayer the Conqueror (level 27, 196/218 HPs)
             Began as a Gargoyle Fighter on Dec 8, 2023.
             Was a High Priest of Okawaru.
             Escaped with the Orb
             ... and 5 runes!
             The game lasted 03:06:12 (84132 turns).

Soulflayer the Conqueror (Gargoyle Fighter)        Turns: 84132, Time: 03:06:13

Health: 196/218    AC: 70    Str: 37    XL:     27
Magic:  30/30      EV: 14    Int: 12    God:    Okawaru [*****.]
Gold:   8212       SH: 33    Dex: 13    Spells: 26/26 levels left

rFire   + + .        c - +9 broad axe (spect)
rCold   + + .        S - +4 tower shield
rNeg    + + +        T - +13 crystal plate armour of the Byakko {rN+ Dex+3 SInv}
rPois   ∞            W - -2 hat of the Alchemist {rElec rPois rF+ rC+ rN+ Will+ rMut rCorr}
rElec   +            K - scarf {rC+ rF+}
rCorr   +            b - +0 pair of gloves
SInv    +            J - +5 pair of boots "Vuaduit" {*Slow rCorr Int+6}
Will    +++..        B - amulet "Xuris" {Reflect Dex+3 SH+5} Stlth
                     d - +6 ring of strength
HPRegen 0.00/turn    L - +4 ring of slaying
MPRegen 0.22/turn

%: random rage (3%), slow self (1%), reflection, resist mutation
@: flying, inhibited regen, studying 2 skills
A: sickness immunity, AC +20, big wings, negative energy resistance 1,
electricity resistance, torment resistance 1, petrification resistance, berserk
1, clumsy 1, deterioration 1, dopey 2, robust 1, inhibited regeneration, weak 1,
subdued magic 1, persistent drain
0: Orb of Zot
}: 5/15 runes: decaying, slimy, silver, abyssal, gossamer
a: Renounce Religion, Heroism, Finesse, Duel


You escaped.
You worshipped Okawaru.
Okawaru was extremely pleased with you.
You visited 13 branches of the dungeon, and saw 57 of its levels.
You visited the Abyss 2 times.
You visited 1 ziggurat, and saw 1 of its levels.
You also visited: Sewer and Bailey.

You collected 10719 gold pieces.
You spent 2507 gold pieces at shops.

Inventory:

Hand Weapons
 c - a +9 spectral broad axe (weapon)
 M - a +5 morningstar
 U - a +9 broad axe of freezing
Missiles
 s - 14 throwing nets
 F - 39 silver javelins (quivered)
Armour
 a - the +1 robe of Vines {NoPotionHeal Regen++++}
   (You found it on level 5 of the Pits of Slime)

   NoPotionHeal: Its wearer cannot be healed by potions.
   Regen++++: It increases your rate of health regeneration.
 b - a +0 pair of gloves (worn)
 g - the +3 Mad Mage's Maulers {Infuse+∞ VampMP -Cast}
   (You found it on level 3 of the Elven Halls)

   Infuse+∞: It empowers its wearer's blows with all of their magic.
   VampMP:    Blows struck in melee replenish the wearer's magic.
   -Cast:     It prevents spellcasting.
 J - the +5 pair of boots "Vuaduit" (worn) {*Slow rCorr Int+6}
   (You found it on level 6 of the Dungeon)

   Int+6:     It affects your intelligence (+6).
   rCorr:     It protects you from acid and corrosion.
   *Slow:     It may slow you when you take damage.
 K - a scarf of resistance (worn)
 S - a +4 tower shield (worn)
 T - the +13 crystal plate armour of the Byakko (worn) {rN+ Dex+3 SInv}
   (Okawaru gifted it to you on level 5 of the Lair of Beasts)

   Dex+3:     It affects your dexterity (+3).
   rN+:       It protects you from negative energy.
   SInv:      It lets you see invisible.
 W - the -2 hat of the Alchemist (worn) {rElec rPois rF+ rC+ rN+ Will+ rMut rCorr}
   (You bought it in a shop on level 2 of the Orcish Mines)

   rF+:       It protects you from fire.
   rC+:       It protects you from cold.
   rElec:     It insulates you from electricity.
   rPois:     It protects you from poison rN+: It protects you from negative
   energy.
   Will+:     It increases your willpower.
   rCorr:     It protects you from acid and corrosion.
   rMut:      It protects you from mutation.
Jewellery
 d - a +6 ring of strength (left hand)
 B - the amulet "Xuris" (around neck) {Reflect Dex+3 SH+5}
   (You found it on level 3 of the Depths)

   [amulet of reflection]

   Reflect:   It reflects blocked missile attacks.
   Dex+3:     It affects your dexterity (+3).
   SH+5:      It affects your SH (+5).
 L - a +4 ring of slaying (right hand)
Wands
 e - a wand of flame (150)
 r - a wand of acid (21)
 t - a wand of polymorph (16)
 y - a wand of iceblast (29)
 C - a wand of digging (16)
 Z - a wand of mindburst (22)
Scrolls
 j - 3 scrolls of enchant weapon
 m - 7 scrolls of torment
 o - 11 scrolls of immolation
 p - 9 scrolls of vulnerability
 q - 3 scrolls of blinking
 u - 18 scrolls of teleportation
 w - 8 scrolls of poison
 x - 3 scrolls of summoning
 D - 11 scrolls of fear
 G - 10 scrolls of revelation
 I - 23 scrolls of identify
 P - 4 scrolls of fog
 X - 11 scrolls of amnesia
 Y - 4 scrolls of silence
Potions
 f - 12 potions of mutation
 h - 2 potions of heal wounds
 i - 8 potions of berserk rage
 k - 11 potions of ambrosia
 l - 15 potions of curing
 n - 2 potions of might
 v - 5 potions of enlightenment
 z - 4 potions of cancellation
 A - 8 potions of brilliance
 E - 6 potions of lignification
 N - 8 potions of attraction
 O - 2 potions of magic
 Q - 7 potions of resistance
 R - 9 potions of haste
 V - 2 potions of invisibility


   Skills:
 O Level 27 Fighting
 + Level 23.2 Axes
 - Level 25.0 Armour
 + Level 15.4 Dodging
 O Level 27 Shields
 - Level 10.0 Invocations
 - Level 4.0 Evocations


You had 26 spell levels left.
You didn't know any spells.
Your spell library contained the following spells:

 Spells                   Type           Power      Damage    Failure   Level
 Apportation              Tloc           0%         N/A       80%         1
 Foxfire                  Conj/Fire      0%         2x1d4     80%         1
 Freeze                   Ice            0%         1d3       80%         1
 Magic Dart               Conj           0%         1d3       80%         1
 Necrotise                Necr           0%         1d4       80%         1
 Blink                    Tloc           0%         N/A       90%         2
 Ensorcelled Hibernation  Hex/Ice        0%         N/A       90%         2
 Lesser Beckoning         Tloc           0%         N/A       90%         2
 Momentum Strike          Conj/Tloc      0%         3d8       90%         2
 Passwall                 Tmut/Erth      0%         N/A       90%         2
 Scorch                   Fire           0%         2d5       90%         2
 Searing Ray              Conj           0%         2d4       90%         2
 Static Discharge         Conj/Air       0%         3-3/arc   90%         2
 Frozen Ramparts          Ice            0%         1d1       99%         3
 Gell's Gravitas          Tloc           0%         N/A       99%         3
 Hailstorm                Conj/Ice       0%         3d5       99%         3
 Ignite Poison            Fire/Tmut/Pois 0%         N/A       99%         3
 Inner Flame              Hex/Fire       0%         N/A       99%         3
 Mephitic Cloud           Conj/Pois/Air  0%         N/A       99%         3
 Ozocubu's Armour         Ice            0%         N/A       99%         3
 Swiftness                Air            0%         N/A       99%         3
 Teleport Other           Tloc           0%         N/A       99%         3
 Vampiric Draining        Necr           0%         2d6       99%         3
 Airstrike                Air            0%         2d(0-16)  100%        4
 Anguish                  Hex/Necr       0%         N/A       100%        4
 Brom's Barrelling Bould  Conj/Erth      0%         2d3       100%        4
 Cause Fear               Hex            0%         N/A       100%        4
 Dimensional Bullseye     Hex/Tloc       0%         N/A       100%        4
 Dispel Undead            Necr           0%         3d6       100%        4
 Flame Wave               Conj/Fire      0%         2d4       100%        4
 Fulminant Prism          Conj/Hex       0%         3d5       100%        4
 Iskenderun's Mystic Bla  Conj/Tloc      0%         2d3       100%        4
 Manifold Assault         Tloc           0%         N/A       100%        4
 Olgreb's Toxic Radiance  Pois           0%         N/A       100%        4
 Petrify                  Tmut/Erth      0%         N/A       100%        4
 Sticky Flame             Conj/Fire      0%         2d3       100%        4
 Vhi's Electric Charge    Tloc/Air       0%         N/A       100%        4
 Agony                    Necr           0%         N/A       100%        5
 Alistair's Intoxication  Tmut/Pois      0%         N/A       100%        5
 Arcjolt                  Conj/Air       0%         1d10      100%        5
 Borgnjor's Vile Clutch   Necr/Erth      0%         N/A       100%        5
 Fireball                 Conj/Fire      0%         3d3       100%        5
 Freezing Cloud           Conj/Ice/Air   0%         6-21      100%        5
 Iskenderun's Battlesphe  Conj           0%         2d6       100%        5
 Lee's Rapid Deconstruct  Erth           0%         3d4*      100%        5
 Metabolic Englaciation   Hex/Ice        0%         N/A       100%        5
 Bombard                  Conj/Erth      0%         9d1       100%        6
 Conjure Ball Lightning   Conj/Air       0%         3x3d6     100%        6
 Dispersal                Tloc           0%         N/A       100%        6
 Eringya's Noxious Bog    Tmut/Pois      0%         4d6       100%        6
 Plasma Beam              Fire/Air       0%         2x1d10    100%        6
 Starburst                Conj/Fire      0%         6d3       100%        6
 Enfeeble                 Hex            0%         N/A       100%        7
 Orb of Destruction       Conj           0%         9d5       100%        7
 Ozocubu's Refrigeration  Ice            0%         4d7       100%        7
 Discord                  Hex            0%         N/A       100%        8
 Disjunction              Tloc           0%         N/A       100%        8
 Ignition                 Fire           0%         3d3       100%        8
 Maxwell's Capacitive Co  Air            0%         ∞         100%        8
 Death's Door             Necr           0%         N/A       100%        9
 Polar Vortex             Ice            0%         N/A       100%        9
 Summon Small Mammal      Summ           Unusable   N/A       N/A         1
 Call Imp                 Summ           Unusable   N/A       N/A         2
 Cigotuvi's Dreadful Rot  Necr/Pois/Air  Unusable   N/A       N/A         2
 Tukima's Dance           Hex            Unusable   N/A       N/A         3
 Animate Armour           Summ/Erth      Unusable   N/A       N/A         4
 Summon Lightning Spire   Summ/Air       Unusable   N/A       N/A         4
 Summon Forest            Summ/Tloc      Unusable   N/A       N/A         5
 Death Channel            Necr           Unusable   N/A       N/A         6
 Simulacrum               Ice/Necr       Unusable   N/A       N/A         6
 Summon Cactus Giant      Summ           Unusable   N/A       N/A         6
 Summon Hydra             Summ           Unusable   N/A       N/A         7

Dungeon Overview and Level Annotations

Branches:
Dungeon (15/15)            Temple (1/1) D:5            Lair (5/5) D:9
  Swamp (4/4) Lair:2       Spider (4/4) Lair:2        Slime (5/5) Lair:5
    Orc (2/2) D:9             Elf (3/3) Orc:2        Vaults (5/5) D:14
  Crypt (3/3) Vaults:3       Tomb (0/3) Crypt:3      Depths (4/4) D:15
   Hell (visited)             Coc (0/7) Hell            Zot (5/5) Depths:4
  Sewer (visited)          Bailey (visited)
    Dis: Hell:1         Geh: Hell:1         Tar: Hell:1

Altars:
Ashenzari
Cheibriados
Dithmenos
Elyvilon
Fedhas
Gozag
Hepliaklqana
Kikubaaqudgha
Makhleb
Nemelex Xobeh
Okawaru
Qazlal
Ru
Sif Muna
Trog
Uskayaw
Vehumet
Wu Jian
Xom
Yredelemnul
Zin
The Shining One
Jiyva

Shops:
D:3 (   Orc:2 [=(!   Elf:1 *   Vaults:1 :(((:   Vaults:4 ((   Vaults:5 *
Depths:1 *(   Depths:2 *

Portals:
Hell: Depths:1 Depths:2 Depths:3 Depths:4
Abyss: Depths:3
Pandemonium: Depths:1 Depths:2 Depths:3

Annotations:
Spider:3 exclusion: downstairs
Spider:4 Roxanne
Vaults:4 2 transporters, Busi's ghost, adept CeHu


Innate Abilities, Weirdness & Mutations

You are immune to sickness and miasma.
Your stone body is resilient. (AC +20)
You are immune to poison.
Your large and strong wings let you fly.
You resist negative energy. (rN+)
You are resistant to electric shocks. (rElec)
You are resistant to unholy torment.
You are immune to petrification.
You sometimes lose your temper in combat.
You are clumsy. (Dex -2)
Your body sometimes deteriorates upon taking damage.
You are very dopey. (Int -4)
You are robust. (+10% HP)
You do not regenerate when monsters are visible.
You are weak. (Str -2)
Your spells are a little easier to cast, but a little less powerful.
Your health recovers twice as slowly from being drained.


Message History

You completely miss the hellephant.
The hellephant is moderately wounded.
The hellephant tramples you but does no damage.
You block the hellephant's attack. x2
You slash the hellephant!
The hellephant is moderately wounded.
You block the hellephant's attack.
The hellephant bites you but does no damage.
You block the hellephant's attack.
Unknown command.
You hit the hellephant.
The hellephant is moderately wounded.
You cut the hellephant into ribbons!!!
The hellephant is heavily wounded.
You block the hellephant's attack. x3
You closely miss the hellephant.
The hellephant is heavily wounded.
A chaos spawn comes into view.
The hellephant closely misses you. You block the hellephant's attack. x2
You carve the hellephant like a ham!!!
The hellephant is almost dead.
You open the hellephant like a pillowcase!!!
You kill the hellephant!
Okawaru accepts your kill. You block the chaos spawn's attack.
Unknown command.
You open the chaos spawn like a pillowcase!!!
You kill the chaos spawn!
Okawaru accepts your kill.
The chaos spawn degenerates into a cloud of primal chaos!
No target in view!
Okay, then.
You start resting.
A glowing orange brain comes into view.
The glowing orange brain pulsates.
There is an open door here.
As you close the door, it creaks loudly!
A goblin breaks down the door.
There is a staircase leading out of the dungeon here.
You have escaped!

#### ...# ##.# .#)# .#.#
.#.# ####### .#.# #.....#
.#.# ####.....###
.#.########..+..@g.g.#
.#..).......##.....#G#
÷########.####.....#.#
.####.###.##########g#
.....(..#[...# #..#
.###....#....# #.##
........#....######G######
......................g†G#
.............###########[#


You could see a glowing orange brain, a hobgoblin (summoned) and a goblin
(summoned).

Vanquished Creatures
  the Royal Jelly (Slime:5)
  A seraph (D:2)
  3 dread liches
  2 pandemonium lords
  8 orbs of fire
  6 ancient liches
  Khufu (Crypt:1)
  Mara (Vaults:4)
  Mennas (Crypt:3)
  2 royal mummies (Crypt:1)
  Sojobo (Crypt:3)
  Boris (6 times) (Vaults:2 Depths:2 Depths:3 Crypt:1 Crypt:2 Crypt:3)
  Josephina (Crypt:3)
  Vv (Zot:3)
  The ghost of Tazok the Minotaur Barricade, a veteran MiCA of Jiyva (Depths:1)
  3 Killer Klowns
  The ghost of Tiaserch the Hoplite, a veteran HOFi of Beogh (Depths:1)
  2 caustic shrikes (Depths:2)
  Bai Suzhen (Vaults:4)
  Xtahua (Depths:3)
  5 curse toes
  The ghost of Jefa the Hoplite, a veteran MiFE of Jiyva (Depths:1)
  The ghost of Hiavinka the Ruinous, an adept DrNe of Vehumet (Elf:3)
  Geryon (Hell)
  Nikola (Spider:1)
  A profane servitor (Zot:3)
  9 golden dragons
  the Enchantress (Depths:3)
  Arachne (Spider:4)
  2 bone dragons
  A hellephant (D:1)
  A Tzitzimitl (Zot:5)
  4 electric golems
  3 doom hounds (Depths:4)
  A Hell Sentinel (D:5)
  30 Orb Guardians
  17 tentacled monstrosities
  6 liches
  2 deep elf blademasters
  Asterion (Vaults:1)
  Grunn (Depths:4)
  A walking earthen tome (Depths:2)
  5 ancient champions
  A titan (Vaults:5)
  8 quicksilver dragons
  14 acid blobs
  13 sphinxes
  2 deep elf master archers (Elf:3)
  An Executioner (D:10)
  7 tentacled starspawn
  Kirke (Spider:4)
  12 tengu reavers
  13 death cobs
  9 azure jellies
  7 shadow dragons
  15 storm dragons
  7 draconian monks
  2 daevas
  A nagaraja (Abyss:5)
  2 revenants
  Aizul (Elf:3)
  A demonspawn warmonger (D:5)
  10 rockslimes
  7 frost giants
  11 ghost moths
  20 vault wardens
  5 draconian knights
  10 emperor scorpions
  4 deep elf sorcerers
  3 fire giants
  2 iron dragons
  7 draconian scorchers
  15 ironbound preservers
  5 deep elf elementalists
  5 draconian shifters
  A shard shrike simulacrum (Crypt:3)
  3 draconian stormcallers
  4 curse skulls
  4 balrugs
  2 angels
  A cacodemon (D:10)
  A demonspawn corrupter (D:5)
  3 orc warlords
  3 reapers
  2 juggernaut skeletons
  4 spriggan defenders
  5 draconian annihilators
  25 very ugly things
  2 caustic shrike skeletons
  4 ghouls
  A broodmother (Spider:3)
  7 formless jellyfish
  11 quicksilver oozes
  10 ironbound thunderhulks
  4 war gargoyles
  8 vampire knights
  8 stone giants
  11 green draconians
  4 white draconians
  18 black draconians
  13 deep elf annihilators
  7 deep elf demonologists
  3 eleionomae
  5 purple draconians
  A wendigo (Hell)
  27 dire elephants
  12 red draconians
  A starflower (Abyss:3)
  9 yellow draconians
  4 lorocyprocas
  2 spark wasps
  An eidolon (Crypt:3)
  3 blizzard demons
  4 bunyips
  3 mummy priests
  14 ettins
  An iron golem (Hell)
  8 jiangshi
  9 fire dragons
  13 yaktaur captains
  6 deep elf high priests
  A merfolk javelineer (Depths:2)
  10 ice dragons
  10 deep elf death magi
  6 entropy weavers
  A spriggan zombie (Crypt:1)
  Erolcha (D:12)
  32 vault guards
  4 catoblepae
  2 hell beasts (D:2)
  5 hydras
  2 jorogumos (Spider:4)
  5 rakshasas
  11 great orbs of eyes
  6 spriggan air magi
  Fannar (Lair:2)
  A quicksilver dragon skeleton (Crypt:2)
  A ghost crab (Swamp:4)
  10 ironbound frosthearts
  4 radroaches
  7 centaur warriors
  3 ogre magi
  8 alligators
  6 deep troll earth magi
  7 boulder beetles
  8 deep troll shamans
  10 two-headed ogres
  21 dancing weapons
  11 tengu warriors
  9 death yaks (Lair:5)
  4 spriggan berserkers
  5 demonic crawlers
  2 occultists
  10 vampire magi
  4 hell hogs (Abyss:5)
  9 thrashing horrors
  12 sun demons
  6 deep elf knights
  10 hell knights
  An orc high priest (Elf:2)
  4 soul eaters
  Sonja (D:11)
  2 fire crabs (Lair:4)
  A spatial maelstrom (Abyss:4)
  The ghost of Squiddy the Severer, a novice HOFi of Zin (D:8)
  34 deep trolls
  7 wretched stars
  7 iron trolls
  21 skeletal warriors
  3 sun moths
  2 pharaoh ants
  2 skysharks
  5 goliath frogs
  14 flayed ghosts
  3 spriggan druids
  Lodul (D:11)
  A cherub (D:2)
  An orb spider (shapeshifter) (Vaults:5)
  A sea snake (shapeshifter) (Vaults:5)
  3 shadow demons
  5 sixfirhies
  5 large abominations
  An obsidian statue (Elf:3)
  An orange crystal statue (Zot:5)
  12 arcanists
  4 bog bodies
  13 deep elf archers
  2 orc knights
  11 glowing orange brains
  17 ironbound convokers
  A wolf spider zombie (D:15)
  9 necromancers
  11 orb spiders
  9 lindwurms
  19 deep elf zephyrmancers
  A bunyip skeleton (Crypt:3)
  30 deep elf pyromancers
  5 swamp dragons
  A jorogumo zombie (Crypt:2)
  A spriggan simulacrum (Hell)
  10 steelbarb worms
  13 harpies (Vaults:3)
  6 shining eyes
  22 phantasmal warriors
  14 orc sorcerers
  4 manticores
  6 will-o-the-wisps
  6 cyclopes
  45 ugly things
  12 elephants
  A faun (shapeshifter) (Depths:2)
  36 moths of wrath
  21 wolf spiders
  A worldbinder (Abyss:5)
  4 black mambas
  An iron dragon skeleton (Crypt:1)
  A guardian serpent (Abyss:5)
  8 torpor snails
  A kobold blastminer (Orc:1)
  2 torpor snails (shapeshifter)
  A stone giant skeleton (Crypt:1)
  2 water nymphs (shapeshifter) (Vaults:5)
  2 apocalypse crabs (Abyss:5)
  An eye of devastation (Slime:5)
  2 rust devils (D:10)
  14 smoke demons
  6 gargoyles
  15 vault sentinels
  An orange demon (D:3)
  A kobold demonologist (D:10)
  14 cane toads
  4 centaur skeletons
  An unseen horror (D:12)
  3 rime drakes
  2 naga skeletons (Crypt:3)
  Maggie (D:8)
  An efreet (D:13)
  11 komodo dragons
  33 yaktaurs
  An alligator snapping turtle skeleton (Crypt:1)
  11 freezing wraiths
  5 guardian mummies
  7 tengu conjurers
  2 tormentors (D:2)
  2 ancient zymes
  A green draconian skeleton (Crypt:1)
  A wind drake (shapeshifter) (D:13)
  A bloated husk (Swamp:1)
  11 red devils
  25 tarantellas
  2 polar bears (Lair:2)
  6 meliai
  11 blink frogs
  8 trolls
  A boulder beetle zombie (Crypt:2)
  Prince Ribbit (D:7)
  A harpy skeleton (Crypt:1)
  6 hellwings
  2 tarantellas (shapeshifter)
  5 hornets
  An iron dragon simulacrum (Abyss:4)
  11 raiju
  6 tyrant leeches
  4 glass eyes
  An ettin skeleton (Crypt:2)
  12 dream sheep
  An ice dragon zombie (Crypt:1)
  82 slime creatures
  28 culicivoras
  A spriggan (shapeshifter) (Vaults:5)
  4 air elementals
  A guardian serpent skeleton (Crypt:2)
  8 spriggans
  A vampire (D:12)
  8 shadows
  7 water elementals
  16 jumping spiders
  A ynoxinul (Abyss:4)
  4 wyverns
  9 wraiths
  A slime creature zombie (Crypt:1)
  An ushabti (Crypt:3)
  9 humans (Zot:1)
  56 yaks
  5 hogs (Spider:4)
  2 fire bats (Lair:4)
  9 golden eyes
  2 steam dragons
  4 chaos spawn
  6 fire elementals
  7 basilisks
  2 redbacks (shapeshifter)
  15 vampire mosquitoes
  3 swamp worm simulacra (Swamp:4)
  66 redbacks
  5 neqoxecs
  A harpy simulacrum (Hell)
  A spatial vortex (Abyss:4)
  14 swamp worms
  3 wargs
  A naga (shapeshifter) (Vaults:5)
  2 acid dragons
  17 water moccasins
  15 hydra simulacra
  2 deep troll zombies (Crypt:2)
  A two-headed ogre zombie (Crypt:2)
  9 hell hounds
  30 orc warriors
  A black bear (D:8)
  An ice beast (D:4)
  3 swamp drakes (Swamp:2)
  A glowing shapeshifter skeleton (Crypt:1)
  18 ogres
  15 wolves
  10 small abominations
  29 starcursed masses
  A phantom (D:2)
  2 centaurs
  An elephant skeleton (Crypt:1)
  6 kobold brigands
  8 gnoll sergeants
  17 bullfrogs
  5 scorpions
  A necrophage (Crypt:2)
  3 earth elementals (Elf:3)
  20 wights
  A hornet simulacrum (D:15)
  4 killer bees (D:9)
  7 howler monkeys
  2 electric eels (Elf:3)
  4 jellies
  7 hounds
  13 orc priests
  4 gnoll boudas
  An iguana (D:4)
  A sleepcap (D:8)
  Ijyb (D:3)
  A boggart zombie (D:15)
  34 orc wizards
  A tengu zombie (Crypt:2)
  A crocodile skeleton (Crypt:2)
  8 mummies (Crypt:3)
  Robin (D:3)
  40 gnolls
  17 adders
  3 white imps
  4 ufetubi
  5 swamp drake simulacra (Swamp:4)
  2 worms
  4 dart slugs
  76 orcs
  9 ball pythons
  6 bats
  16 endoplasms
  13 giant cockroaches
  18 goblins
  18 hobgoblins
  12 jackals
  9 quokkas
  10 frilled lizards
  34 kobolds
  5 rats
  A rat skeleton (Crypt:1)
  A butterfly (Lair:3)
  A lurking horror (Abyss:5)
  A spectral weapon (Zot:1)
  8 starspawn tentacles
2671 creatures vanquished.

Vanquished Creatures (others)
  A shadow dragon (Vaults:5)
  A fire giant (Depths:2)
  An emperor scorpion (Spider:4)
  A deep elf annihilator (Elf:3)
  A hydra (Swamp:1)
  2 alligators (Swamp:1)
  A deep elf knight (Elf:2)
  A quicksilver dragon simulacrum (Crypt:3)
  An orb spider (Spider:1)
  A spriggan simulacrum (Crypt:3)
  A deep elf zephyrmancer (Elf:2)
  A deep elf pyromancer (Elf:1)
  A wolf spider (Spider:1)
  A moth of wrath (Zot:4)
  2 bloated husks (Swamp:1)
  A tarantella (Spider:1)
  A stone giant simulacrum (Crypt:3)
  A human (Spider:4)
  A swamp worm (Swamp:1)
  47 foxfires
  A lurking horror (Abyss:5)
  24 spectral weapons
  7 starspawn tentacles
100 creatures vanquished.

Grand Total: 2771 creatures vanquished

Notes
Turn   | Place    | Note
-------+----------+-------------------------------------------
     0 | D:1      | Soulflayer the Gargoyle Fighter began the quest for the
                  | Orb.
     0 | D:1      | Reached XP level 1. HP: 14/14 MP: 1/1
    44 | D:1      | Reached XP level 2. HP: 19/19 MP: 2/2
   204 | D:1      | Reached XP level 3. HP: 23/23 MP: 3/3
   738 | D:2      | Reached XP level 4. HP: 29/29 MP: 4/4
   799 | D:2      | Noticed a phantom
   810 | D:2      | Killed a phantom
   811 | D:2      | Reached XP level 5. HP: 26/33 MP: 5/5
  1710 | D:3      | Found an opulent altar of Gozag.
  1805 | D:3      | Noticed Robin
  1839 | D:3      | Killed Robin
  1939 | D:3      | Found a faded altar of an unknown god.
  1943 | D:3      | Found a white marble altar of Elyvilon.
  2048 | D:3      | Noticed Ijyb
  2068 | D:3      | Killed Ijyb
  2069 | D:3      | Reached XP level 6. HP: 36/39 MP: 4/6
  2209 | D:3      | Found Panlozas's Weapon Boutique.
  2387 | D:4      | Noticed an ice beast
  2408 | D:4      | Killed an ice beast
  2623 | D:4      | Reached XP level 7. HP: 34/44 MP: 5/7
  2638 | D:4      | Reached skill level 5 in Fighting
  2638 | D:4      | Reached skill level 5 in Armour
  2889 | D:4      | Reached skill level 5 in Shields
  2905 | D:4      | Found a glowing golden altar of the Shining One.
  2906 | D:4      | Found a burning altar of Makhleb.
  2906 | D:4      | Found a hide-covered altar of Uskayaw.
  2915 | D:4      | Found a sacrificial altar of Ru.
  3064 | D:5      | Entered Level 5 of the Dungeon
  3073 | D:5      | Reached skill level 5 in Axes
  3094 | D:5      | Reached XP level 8. HP: 17/50 MP: 3/8
  3996 | D:5      | Found a staircase to the Ecumenical Temple.
  4006 | Temple   | Entered the Ecumenical Temple
  4020 | Temple   | Became a worshipper of Warmaster Okawaru
  4151 | D:5      | Reached skill level 1 in Invocations
  4383 | D:5      | Reached XP level 9. HP: 55/55 MP: 7/9
  4861 | D:6      | Reached * piety under Okawaru
  5332 | D:6      | Found a glowing drain.
  5336 | Sewer    | Entered a sewer
  5849 | D:6      | Identified the +5 pair of boots "Vuaduit" {*Slow rCorr
                  | Int+6}
  5995 | D:7      | Found a radiant altar of Vehumet.
  6000 | D:7      | Found a shadowy altar of Dithmenos.
  6002 | D:7      | Found a sparkling altar of Nemelex Xobeh.
  6764 | D:7      | Noticed Prince Ribbit
  6786 | D:7      | Killed Prince Ribbit
  6786 | D:7      | Reached ** piety under Okawaru
  6988 | D:8      | Reached XP level 10. HP: 63/63 MP: 12/12
  7013 | D:8      | Found a blossoming altar of Fedhas.
  7026 | D:8      | Noticed Maggie
  7040 | D:8      | Killed Maggie
  7266 | D:8      | Found a flagged portal.
  7307 | Bailey   | Entered a bailey
  7312 | Bailey   | Noticed an orc warlord
  7486 | Bailey   | Found a runed translucent gate.
  7495 | Bailey   | Found a runed translucent gate.
  7506 | Bailey   | Found a runed translucent gate.
  7681 | Bailey   | Killed an orc warlord
  7681 | Bailey   | Reached *** piety under Okawaru
  7682 | Bailey   | Reached skill level 5 in Invocations
  7698 | Bailey   | Identified the +0 lajatang of Summer {speed, rF+ rN+ Will+}
  7710 | Bailey   | Acquired a +2 crystal plate armour
  7776 | D:8      | Found a runed translucent door.
  7813 | D:8      | Noticed Squiddy's ghost (novice HOFi)
  7818 | D:8      | Identified the +5 spear of the Hurling Ancients {heavy,
                  | *Rage rF++ rCorr}
  7932 | D:8      | Found a snail-covered altar of Cheibriados.
  7966 | D:8      | Reached **** piety under Okawaru
  8400 | D:9      | Found a staircase to the Orcish Mines.
  8455 | D:9      | Reached XP level 11. HP: 63/69 MP: 12/15
  8460 | D:9      | Reached skill level 10 in Axes
  8671 | D:9      | Found a staircase to the Lair.
  8852 | D:9      | Identified the +4 short sword "Zabobent" {drain, rN++
                  | Int+2}
  9506 | D:9      | Upgraded the game from 0.31-a0-1160-gf211197 to
                  | 0.31-a0-1161-g593ecc8
  9522 | D:10     | Entered Level 10 of the Dungeon
  9781 | Lair:1   | Entered Level 1 of the Lair of Beasts
 10312 | Lair:1   | Noticed a boulder beetle
 10325 | Lair:1   | Killed a boulder beetle
 10473 | Lair:1   | Reached ***** piety under Okawaru
 10474 | Lair:1   | Reached skill level 10 in Fighting
 10984 | Lair:2   | Reached XP level 12. HP: 77/77 MP: 17/17
 11122 | Lair:2   | Received a gift from Okawaru
 11175 | Lair:2   | Noticed Fannar
 11202 | Lair:2   | Killed Fannar
 11428 | Lair:2   | Found a hole to the Spider Nest.
 11836 | Lair:2   | Found a staircase to the Swamp.
 11840 | Lair:2   | Received a gift from Okawaru
 12142 | Lair:3   | Noticed a skyshark
 12155 | Lair:3   | Killed a skyshark
 12835 | Lair:3   | Noticed a catoblepas
 12849 | Lair:3   | Killed a catoblepas
 13382 | Lair:4   | Noticed a skyshark
 13403 | Lair:4   | Killed a skyshark
 13404 | Lair:4   | Reached skill level 10 in Armour
 13404 | Lair:4   | Reached XP level 13. HP: 72/82 MP: 17/19
 13512 | Lair:4   | Found a transporter.
 14484 | Lair:4   | Received a gift from Okawaru
 14568 | Lair:5   | Entered Level 5 of the Lair of Beasts
 14734 | Lair:5   | Reached skill level 10 in Invocations
 14760 | Lair:5   | Reached skill level 10 in Shields
 14948 | Lair:5   | Reached ****** piety under Okawaru
 14950 | Lair:5   | Acquired a +2 broad axe of freezing
 14950 | Lair:5   | Received a gift from Okawaru
 14951 | Lair:5   | Acquired the +13 crystal plate armour of the Byakko {rN+
                  | Dex+3 SInv}
 14951 | Lair:5   | Received a gift from Okawaru
 14991 | Lair:5   | Found a staircase to the Slime Pits.
 14992 | Lair:5   | Found a viscous altar of Jiyva.
 15100 | Lair:5   | Identified the +3 leather armour of Dim Light {*Corrode rC+
                  | Int+3 Stlth+}
 15113 | Lair:5   | Received a gift from Okawaru
 15447 | Lair:5   | Gained mutation: Your large and strong wings let you fly.
                  | [Gargoyle growth]
 15447 | Lair:5   | Reached XP level 14. HP: 60/88 MP: 12/21
 15738 | Lair:5   | Received a gift from Okawaru
 16090 | Lair:5   | Reached skill level 15 in Axes
 16091 | Lair:5   | Received a gift from Okawaru
 16388 | Orc:1    | Entered Level 1 of the Orcish Mines
 16464 | Orc:1    | Paralysed by an orc sorcerer for 3 turns
 16581 | Orc:1    | Noticed an orc warlord
 16671 | Orc:1    | Killed an orc warlord
 17076 | Orc:2    | Entered Level 2 of the Orcish Mines
 17086 | Orc:2    | Found a staircase to the Elven Halls.
 17769 | Orc:2    | Paralysed by an orc sorcerer for 5 turns
 17830 | Orc:2    | Found Nesticiu's Jewellery Boutique.
 17851 | Orc:2    | Found a radiant altar of Vehumet.
 17860 | Orc:2    | Paralysed by an orc sorcerer for 3 turns
 17976 | Orc:2    | Found Emeeggim's Antique Weapon Boutique.
 17989 | Orc:2    | Found Bakhih's Distillery.
 18021 | Orc:2    | Bought a potion of might for 48 gold pieces
 18021 | Orc:2    | Bought a potion of invisibility for 96 gold pieces
 18021 | Orc:2    | Bought a potion of haste for 120 gold pieces
 18037 | Orc:2    | Found an ancient bone altar of Kikubaaqudgha.
 18063 | Orc:2    | Paralysed by an orc sorcerer for 5 turns
 18071 | Orc:2    | Found Huysim's Antique Armour Shop.
 18079 | Orc:2    | Bought the -2 hat of the Alchemist {rElec rPois rF+ rC+ rN+
                  | Will+ rMut rCorr} for 1463 gold pieces
 18079 | Orc:2    | Found the -2 hat of the Alchemist {rElec rPois rF+ rC+ rN+
                  | Will+ rMut rCorr}
 18552 | D:10     | You are sucked into a shaft and drop 2 floors!
 18572 | D:12     | Received a gift from Okawaru
 18674 | D:12     | Noticed Erolcha
 18700 | D:12     | Killed Erolcha
 18712 | D:12     | Found a shimmering blue altar of Sif Muna.
 19080 | D:11     | Noticed Lodul
 19095 | D:11     | Killed Lodul
 19121 | D:11     | Found a stormy altar of Qazlal.
 19141 | D:11     | Reached XP level 15. HP: 96/96 MP: 20/22
 19228 | D:11     | Noticed Sonja
 19230 | D:11     | Killed Sonja
 19868 | D:8      | Killed Squiddy's ghost
 19874 | D:8      | Reached skill level 1 in Evocations
 21728 | D:14     | Received a gift from Okawaru
 21919 | D:14     | Found a gate to the Vaults.
 22157 | D:15     | Entered Level 15 of the Dungeon
 22575 | D:15     | Reached XP level 16. HP: 106/106 MP: 23/23
 22586 | D:15     | Found a staircase to the Depths.
 22594 | D:15     | Received a gift from Okawaru
 23002 | Swamp:1  | Entered Level 1 of the Swamp
 23778 | Swamp:1  | Received a gift from Okawaru
 23867 | Swamp:2  | Found a radiant altar of Vehumet.
 24022 | Swamp:2  | You are sucked into a shaft and drop 1 floor!
 24365 | Swamp:3  | Received a gift from Okawaru
 24432 | Swamp:3  | Reached skill level 15 in Fighting
 24751 | Swamp:4  | Entered Level 4 of the Swamp
 25184 | Swamp:4  | Identified the +9 war axe of Obiter Dictum {freeze, Fly
                  | Dex+3}
 25201 | Swamp:4  | Received a gift from Okawaru
 25607 | Swamp:4  | Noticed an azure jelly
 25620 | Swamp:4  | Killed an azure jelly
 26060 | Spider:1 | Entered Level 1 of the Spider Nest
 26071 | Spider:1 | Reached skill level 15 in Armour
 26140 | Spider:1 | Noticed Nikola
 26162 | Spider:1 | Killed Nikola
 26163 | Spider:1 | Reached XP level 17. HP: 33/115 MP: 17/24
 27742 | Spider:2 | Received a gift from Okawaru
 29723 | Spider:4 | Entered Level 4 of the Spider Nest
 29724 | Spider:4 | Noticed Kirke
 29746 | Spider:4 | Killed Kirke
 29746 | Spider:4 | Received a gift from Okawaru
 29874 | Spider:4 | Noticed Roxanne
 29992 | Spider:4 | Noticed Arachne
 29995 | Spider:4 | Reached XP level 18. HP: 124/124 MP: 17/25
 30023 | Spider:4 | Killed Arachne
 30249 | Spider:4 | Received a gift from Okawaru
 30793 | Spider:4 | Got a gossamer rune of Zot
 30800 | Spider:4 | Reached XP level 19. HP: 130/130 MP: 26/26
 31403 | Swamp:4  | Got a decaying rune of Zot
 31578 | Elf:1    | Entered Level 1 of the Elven Halls
 31740 | Elf:1    | Found Ydiasaul's General Store.
 31862 | Elf:1    | Received a gift from Okawaru
 32149 | Orc:2    | Bought a +6 ring of strength for 540 gold pieces
 32981 | Elf:2    | Found a runed translucent gate.
 32981 | Elf:2    | Found a runed translucent gate.
 32982 | Elf:2    | Found a runed translucent gate.
 33125 | Elf:2    | Received a gift from Okawaru
 33375 | Elf:2    | Identified the +4 plate armour "Inlegemu" {Int+6}
 33484 | Elf:2    | Reached XP level 20. HP: 107/137 MP: 21/27
 33965 | Elf:2    | Reached skill level 15 in Shields
 34355 | Elf:3    | Entered Level 3 of the Elven Halls
 34440 | Elf:3    | Identified the serpent talisman of the Worm {rElec Will-
                  | rCorr Int+4}
 34440 | Elf:3    | Noticed Aizul
 34450 | Elf:3    | Killed Aizul
 34542 | Elf:3    | Found a runed translucent gate.
 34542 | Elf:3    | Found a runed translucent gate.
 34542 | Elf:3    | Found a runed translucent gate.
 34542 | Elf:3    | Found an opulent altar of Gozag.
 34682 | Elf:3    | Noticed Hiavinka's ghost (adept DrNe)
 35293 | Elf:3    | Received a gift from Okawaru
 35293 | Elf:3    | Identified the ring of Fooc Foputye {rF+ rC- MP+9 Int+3}
 35484 | Elf:3    | Found the +3 Mad Mage's Maulers {Infuse+∞ VampMP -Cast}
 35504 | Elf:3    | Identified the +7 falchion "Orb Guardian's Peril" {freeze,
                  | rCorr Int+3 Dex+4}
 35760 | Elf:3    | Identified the +9 whip of the Several Shrikes {pain, *Rage
                  | rElec Int+8 SInv}
 36066 | Elf:3    | Identified the +10 battleaxe "Uttur" {freeze, *Rage rPois
                  | rF+ Int+6}
 36077 | Elf:3    | Identified the staff of Yzupou {*Corrode rElec rPois Stlth+
                  | Hexes Air}
 36594 | Elf:3    | Killed Hiavinka's ghost
 36596 | Elf:3    | Paralysed by an air elemental for 1 turns
 37027 | Lair:4   | Found a transporter.
 37045 | Lair:4   | Identified the +10 quarterstaff "Xeenew" {freeze, rF- rCorr
                  | SInv}
 37394 | Vaults:1 | Entered Level 1 of the Vaults
 37394 | Vaults:1 | Noticed Asterion
 37400 | Vaults:1 | Killed Asterion
 38106 | Vaults:1 | Found Qigiwku's Book Shop.
 38146 | Vaults:1 | Found Ceogahie's Book Shop.
 38160 | Vaults:1 | Found Vekh's Antique Weapon Emporium.
 38169 | Vaults:1 | Found Jybeuh's Antique Weapon Boutique.
 38539 | Vaults:1 | Found a runed translucent door.
 38700 | Vaults:1 | Reached XP level 21. HP: 146/146 MP: 6/28
 39160 | Vaults:1 | Found Nakaidoz's Weapon Shoppe.
 41092 | Vaults:2 | Received a gift from Okawaru
 43590 | Vaults:2 | Received a gift from Okawaru
 43794 | Vaults:2 | Noticed Boris
 43800 | Vaults:2 | Killed Boris
 46143 | Vaults:3 | Reached XP level 22. HP: 156/156 MP: 7/29
 46491 | Vaults:3 | Found a staircase to the Crypt.
 46501 | Vaults:3 | Received a gift from Okawaru
 48370 | Vaults:4 | Noticed Bai Suzhen
 48376 | Vaults:4 | Killed Bai Suzhen
 48860 | Vaults:4 | Found a transporter.
 48862 | Vaults:4 | Noticed Busi's ghost (adept CeHu)
 48863 | Vaults:4 | Found a bloodstained altar of Trog.
 48871 | Vaults:4 | Found a transporter.
 49117 | Vaults:4 | Noticed Mara
 49124 | Vaults:4 | Killed Mara
 49819 | Vaults:4 | Found Iqi Rote's Weapon Boutique.
 50226 | Vaults:4 | Found Voidd's Weapon Emporium.
 50483 | Vaults:4 | Received a gift from Okawaru
 51088 | Depths:1 | Entered Level 1 of the Depths
 51095 | Depths:1 | Noticed Boris
 51460 | Depths:1 | Found a one-way gate leading to the halls of Pandemonium.
 51697 | Depths:1 | Found Mevurch's Weapon Shop.
 51705 | Depths:1 | Found Ibuoh's General Store.
 51714 | Depths:1 | Bought a potion of haste for 240 gold pieces
 51724 | Depths:1 | Found a runed translucent gate.
 51725 | Depths:1 | Found a runed translucent gate.
 51733 | Depths:1 | Found a runed translucent gate.
 51933 | Depths:1 | Found a gateway to Hell.
 52451 | Depths:1 | Noticed Tazok's ghost (veteran MiCA)
 52451 | Depths:1 | Noticed Jefa's ghost (veteran MiFE)
 52451 | Depths:1 | Noticed Tiaserch's ghost (veteran HOFi)
 52733 | Depths:1 | Killed Tiaserch's ghost
 52746 | Depths:1 | Killed Jefa's ghost
 52760 | Depths:1 | Killed Tazok's ghost
 53053 | Depths:2 | Found Xael Jyo's General Store.
 53086 | Depths:2 | Reached XP level 23. HP: 164/164 MP: 2/30
 53226 | Depths:2 | Noticed a caustic shrike
 53234 | Depths:2 | Killed a caustic shrike
 53234 | Depths:2 | Received a gift from Okawaru
 53237 | Depths:2 | Noticed a caustic shrike
 53246 | Depths:2 | Killed a caustic shrike
 53640 | Depths:2 | Killed Boris
 53895 | Depths:2 | Received a gift from Okawaru
 55175 | Abyss:2  | Cast into level 2 of the Abyss (an occultist)
 55597 | Abyss:3  | Found a corrupted altar of Lugonu.
 55661 | Abyss:4  | Found a corrupted altar of Lugonu.
 55798 | Depths:2 | Escaped the Abyss
 56031 | Depths:2 | Received a gift from Okawaru
 57101 | Depths:3 | Found a one-way gateway to a ziggurat.
 57121 | Depths:3 | Noticed Boris
 57129 | Depths:3 | Killed Boris
 57311 | Depths:3 | Found a white marble altar of Elyvilon.
 57312 | Depths:3 | Found a runed translucent door.
 57433 | Depths:3 | Noticed Xtahua
 57434 | Depths:3 | Noticed the Enchantress
 57440 | Depths:3 | Killed Xtahua
 57878 | Vaults:5 | Entered Level 5 of the Vaults
 57894 | Vaults:5 | Noticed a golden dragon
 57904 | Vaults:5 | Killed a golden dragon
 57905 | Vaults:5 | Reached XP level 24. HP: 153/174 MP: 7/30
 57912 | Vaults:5 | Noticed a dread lich
 57923 | Vaults:5 | Received a gift from Okawaru
 57930 | Vaults:5 | Killed a dread lich
 58087 | Vaults:5 | Received a gift from Okawaru
 58991 | Vaults:5 | Identified the +7 quarterstaff of Slow Death {heavy, rC+
                  | Str+4}
 59918 | Vaults:5 | Received a gift from Okawaru
 60206 | Vaults:5 | Identified the +3 sling "Kisyod" {antimagic, rPois rN+
                  | Will+ Dex+3}
 60386 | Vaults:5 | Got a silver rune of Zot
 60630 | Vaults:5 | Identified the +5 scale mail of Perfidy {+Blink MP+9 Str+3
                  | Dex-2}
 60643 | Vaults:5 | Noticed an ancient lich
 60664 | Vaults:5 | Killed an ancient lich
 60668 | Vaults:5 | Found Jiotreng's General Store.
 62396 | Depths:3 | Killed the Enchantress
 62404 | Depths:3 | Reached skill level 1 in Dodging
 62616 | Depths:3 | Found a one-way gate to the infinite horrors of the Abyss.
 63281 | Depths:3 | Reached XP level 25. HP: 184/184 MP: 9/30
 63781 | Depths:3 | Identified the amulet "Xuris" {Reflect Dex+3 SH+5}
 64482 | Depths:4 | Entered Level 4 of the Depths
 65103 | Depths:4 | Noticed Grunn
 65126 | Depths:4 | Reached skill level 27 in Fighting
 65141 | Depths:4 | Killed Grunn
 65515 | Depths:4 | Received a gift from Okawaru
 65638 | Depths:4 | Found a gate to the Realm of Zot.
 66303 | Zot:1    | Entered Level 1 of the Realm of Zot
 66652 | Zot:1    | Found the +7 sceptre of Torment {pain, torment}
 66654 | Zot:1    | Noticed a Killer Klown
 66674 | Zot:1    | Killed a Killer Klown
 66894 | Zot:1    | Reached skill level 5 in Dodging
 67159 | Zot:1    | Noticed an orb of fire
 67163 | Zot:1    | Gained mutation: You are dopey. (Int -2) [an orb of fire]
 67175 | Zot:1    | Killed an orb of fire
 67642 | Zot:2    | Reached XP level 26. HP: 133/193 MP: 30/30
 68018 | Zot:2    | Noticed an orb of fire
 68037 | Zot:2    | Killed an orb of fire
 69610 | Zot:3    | Noticed Vv
 69643 | Zot:3    | Killed Vv
 69952 | Zot:3    | Received a gift from Okawaru
 70612 | Zot:3    | Identified the +2 flail "Voir" {flame, Will++ Int-4 Dex+2
                  | Stlth+}
 71164 | Zot:4    | Received a gift from Okawaru
 71769 | Zot:5    | Entered Level 5 of the Realm of Zot
 71778 | Zot:5    | Reached XP level 27. HP: 194/199 MP: 30/30
 72017 | Zot:5    | Noticed an ancient lich
 72025 | Zot:5    | Killed an ancient lich
 72030 | Zot:5    | Noticed an ancient lich
 72040 | Zot:5    | Killed an ancient lich
 72111 | Zot:5    | Noticed an orb of fire
 72111 | Zot:5    | Noticed an orb of fire
 72111 | Zot:5    | Noticed an orb of fire
 72113 | Zot:5    | Noticed a dread lich
 72122 | Zot:5    | Gained mutation: You are weak. (Str -2) [an orb of fire]
 72133 | Zot:5    | Gained mutation: You have hidden genetic defects. [an orb
                  | of fire]
 72134 | Zot:5    | Killed an orb of fire
 72139 | Zot:5    | Killed an orb of fire
 72141 | Zot:5    | Killed an orb of fire
 72145 | Zot:5    | Killed a dread lich
 72365 | Zot:5    | Gained mutation: You do not regenerate when monsters are
                  | visible. [mutagenic glow]
 72388 | Zot:5    | Gained mutation: You are clumsy. (Dex -2) [mutagenic glow]
 72392 | Zot:5    | Noticed an orb of fire
 72393 | Zot:5    | Gained mutation: You sometimes lose your temper in combat.
                  | [hidden defects]
 72394 | Zot:5    | Noticed an orb of fire
 72398 | Zot:5    | Noticed an orb of fire
 72403 | Zot:5    | Gained mutation: You are robust. (+10% HP) [mutagenic glow]
 72408 | Zot:5    | Noticed an ancient lich
 72410 | Zot:5    | Killed an orb of fire
 72412 | Zot:5    | Received a gift from Okawaru
 72416 | Zot:5    | Killed an orb of fire
 72419 | Zot:5    | Gained mutation: Your spells are a little easier to cast,
                  | but a little less powerful. [mutagenic glow]
 72424 | Zot:5    | Noticed a dread lich
 72430 | Zot:5    | Killed an orb of fire
 72431 | Zot:5    | Reached skill level 10 in Dodging
 72433 | Zot:5    | Noticed an ancient lich
 72440 | Zot:5    | Killed an ancient lich
 72441 | Zot:5    | Paralysed by a dread lich for 2 turns
 73144 | Zot:5    | Killed a dread lich
 73149 | Zot:5    | Gained mutation: You have terrible hidden genetic defects.
                  | [hidden defects]
 73149 | Zot:5    | Lost mutation: You have terrible hidden genetic defects.
                  | [hidden defects expressed]
 73166 | Zot:5    | Killed an ancient lich
 73826 | Hell     | Entered the Vestibule of Hell
 73826 | Hell     | Noticed Geryon
 73830 | Hell     | Found a gateway to the freezing wastes of Cocytus.
 73857 | Hell     | Killed Geryon
 74376 | Crypt:1  | Entered Level 1 of the Crypt
 74835 | Crypt:1  | Noticed a royal mummy
 74836 | Crypt:1  | Noticed Khufu
 74853 | Crypt:1  | Killed Khufu
 74855 | Crypt:1  | Killed a royal mummy
 74871 | Crypt:1  | Gained mutation: You have terrible hidden genetic defects.
                  | [hidden defects]
 75092 | Crypt:1  | Noticed a royal mummy
 75096 | Crypt:1  | Killed a royal mummy
 75498 | Crypt:1  | Noticed Boris
 75507 | Crypt:1  | Killed Boris
 76238 | Crypt:2  | Reached skill level 27 in Shields
 76242 | Crypt:2  | Noticed Boris
 76255 | Crypt:2  | Killed Boris
 76274 | Crypt:2  | Gained mutation: You are very dopey. (Int -4) [hidden
                  | defects]
 76274 | Crypt:2  | Lost mutation: You have terrible hidden genetic defects.
                  | [hidden defects expressed]
 77014 | Crypt:3  | Entered Level 3 of the Crypt
 77049 | Crypt:3  | Identified the ring of Coomoweett {Ice Int+2}
 77049 | Crypt:3  | Noticed Josephina
 77064 | Crypt:3  | Killed Josephina
 77339 | Crypt:3  | Noticed Boris
 77346 | Crypt:3  | Killed Boris
 77898 | Crypt:3  | Identified the +1 helmet "Ilofet" {Contam Regen+ SInv
                  | Stlth+}
 77914 | Crypt:3  | Found a staircase to the Tomb.
 78022 | Crypt:3  | Noticed Sojobo
 78046 | Crypt:3  | Killed Sojobo
 78642 | Crypt:3  | Found an ancient bone altar of Kikubaaqudgha.
 78653 | Crypt:3  | Noticed an ancient lich
 78662 | Crypt:3  | Killed an ancient lich
 78693 | Crypt:3  | Got the Directory of Unholy Words
 78705 | Crypt:3  | Noticed Mennas
 78722 | Crypt:3  | Killed Mennas
 78888 | Crypt:3  | Got the Codex of the Crushed Princes
 79333 | Zig:1    | Entered Level 1 of a ziggurat
 79707 | Slime:1  | Entered Level 1 of the Pits of Slime
 79856 | Slime:1  | You are sucked into a shaft and drop 1 floor!
 80441 | Slime:5  | Entered Level 5 of the Pits of Slime
 80489 | Slime:5  | Received a gift from Okawaru
 80494 | Slime:5  | Gained mutation: Your body sometimes deteriorates upon
                  | taking damage. [hidden defects]
 80669 | Slime:5  | Noticed the Royal Jelly
 80795 | Slime:5  | Killed the Royal Jelly
 81361 | Slime:5  | Found the +1 robe of Vines {NoPotionHeal Regen++++}
 81361 | Slime:5  | Found the +10 Black Knight's barding {ponderous, rPois rN+}
 81415 | Slime:5  | Got a slimy rune of Zot
 82095 | Depths:3 | Voluntarily entered the Abyss.
 82230 | Abyss:5  | Paralysed by accursed screaming for 2 turns
 82252 | Abyss:5  | Gained mutation: Your health recovers twice as slowly from
                  | being drained. [hidden defects]
 82252 | Abyss:5  | Lost mutation: You have hidden genetic defects. [hidden
                  | defects expressed]
 82318 | Abyss:5  | Got an abyssal rune of Zot
 82333 | Depths:3 | Escaped the Abyss
 82961 | Zot:5    | Got the Orb of Zot
 83026 | Zot:5    | Noticed Xaaps the pandemonium lord
 83041 | Zot:5    | Killed Xaaps the pandemonium lord
 83189 | Zot:1    | Noticed Wynoesi the pandemonium lord
 83324 | Depths:3 | Noticed Sypn the pandemonium lord
 83335 | Depths:3 | Killed Sypn the pandemonium lord
 83540 | D:10     | Reached skill level 15 in Dodging
 83906 | D:2      | Noticed a seraph
 83918 | D:2      | Killed a seraph
 84132 | D:$      | Escaped with the Orb!

Illustrated notes

Levels and vault maps discovered:
D:1:      minmay_arrival_checkered_box, layout_basic
D:2:      layout_basic
D:3:      layout_rooms, mainiacjoe_overflow_catwalk,
          nicolae_overflow_ecumenical_swirl, serial_shops, shop,
          hangedman_glass_teeth, minivault_19, uniq_robin, uniq_ijyb
D:4:      layout_cave_pools, chequers_temple_overflow_statue_of_worship,
          serial_park, serial_park_paths [serial_park_minivault_5x5_3],
          serial_park_tiny_1, serial_park_tiny_1,
          serial_library_hellmonk_room_a, minmay_close_crescents
D:5:      layout_cave_pools, minmay_temple_entry_gardened_gates,
          serial_gnoll_camp, gnoll_camp_mini_sergeant, gnoll_camp_medium_01,
          gnoll_camp_medium_02, gnoll_camp_mini_doghouse, gnoll_camp_mini_hut,
          gnoll_camp_mini_loothouse
D:6:      layout_basic, gup_sewer_entry_bowl
D:7:      layout_basic, minitemple, uniq_prince_ribbit1
D:8:      layout_basic, kennysheep_slug_shrine, mainiacjoe_overflow_boulevard,
          ebering_ghost_funeral_grove, enter_bailey_8, uniq_maggie
D:9:      layout_irregular_city, lair_entry_dummy,
          kennysheep_orc_monster_closet_entryway, kb_lookout_dungeons_type
D:10:     layout_grid_maze, nicolae_where_there's_smoke
D:11:     layout_roguey, nicolae_qazlal_general_emergency, uniq_sonja,
          uniq_lodul
D:12:     layout_irregular_city, nicolae_sif_muna_condensation, uniq_erolcha
D:13:     layout_cave_pools
D:14:     layout_cave_pools, david_vaults_1, special_room [special_room_orc]
D:15:     grunt_enter_depths_magical_seal, layout_cave_pools,
          chequers_serial_rivers_micro_c
Temple:   jpeg_temple_clearing
Lair:1:   layout_roguey, serial_bayou_shore_b
Lair:2:   layout_loops_ring, minmay_swamp_entry_worms,
          spider_nest_entry_web_field, grunt_megastairs_1, serial_bayou_shore_a,
          infiniplex_staircase_pool_2, uniq_fannar
Lair:3:   layout_regular_city, grunt_megastairs_4, lemuel_fruit_fields
Lair:4:   gammafunk_cloud_chamber, layout_small_grid, grunt_megastairs_3,
          lemuel_fruit_fields
Lair:5:   evilmike_catoblepas_cave, layout_regular_city, slime_entry_1
Swamp:1:  layout_basic_swamp, evilmike_swamp_ruin_house_4, swamp_pool_3,
          infiniplex_staircase_pool
Swamp:2:  layout_falls_marsh, basic_altar, swamp_pool_5
Swamp:3:  layout_basic_swamp, evilmike_swamp_ruin_rubble_1
Swamp:4:  swamp_icy, layout_basic_swamp, swamp_pool_3,
          nicolae_swamp_decorative_isthmus, nicolae_swamp_tree_isthmus
Spider:1: layout_spider_delve, uniq_nikola
Spider:2: layout_cave_pods
Spider:3: layout_chambers
Spider:4: grunt_spider_rune_circles, spiders_nest_hornet_nest, uniq_arachne,
          uniq_roxanne, uniq_kirke
Slime:1:  layout_caves
Slime:2:  layout_caves, cheibrodos_slime_lost_civilization_4
Slime:3:  layout_caves
Slime:4:  layout_caves
Slime:5:  slime_pit_nicolae_royal_road_to_ruin
Orc:1:    layout_caves, guppyfry_library_mini
Orc:2:    kennysheep_orc_mage_school, layout_diamond_mine,
          nicolae_orc_damp_corner, nicolae_orc_lava_tube
Elf:1:    eino_elf_arrival_customs, layout_geoelf_diagonals, serial_shops, shop,
          minmay_elf_crystal_heptagon, minmay_strange_pillars
Elf:2:    elven_hall_of_blades_hangedman_original
          [infiniplex_blade_entry_pillars], layout_geoelf_octagon
Elf:3:    minmay_elf_hall_spiked, layout_geoelf_castle, ebering_ghost_gozag,
          nrook_mini_backslash, uniq_aizul
Vaults:1: v_misc_8, nicolae_vaults_trapezoid_lopsided_2, v_pattern_4,
          nicolae_vaults_twisting_passages, hangedman_vaults_snaps,
          nicolae_vaults_little_squares_6, ontoclasm_vaults_fault,
          nicolae_vaults_closet_pinwheel_5, hangedman_vaults_stitches,
          nicolae_vaults_oozy_zoo, nicolae_vaults_cochlea, nicolae_vaults_prndl,
          v_misc_27, nicolae_vaults_diagonal_hallway_7, layout_vaults_omnicross,
          serial_shops, nicolae_shop_window_shopping,
          nicolae_shop_window_shopping, shop, shop, nicolae_shop_behind_doors,
          uniq_asterion
Vaults:2: hangedman_vaults_slither, v_rooms_3, vaults_room_corners,
          nicolae_vaults_shrinking_rooms_2, v_misc_32,
          nicolae_vaults_little_squares_5, nicolae_vaults_sealed_display,
          nicolae_vaults_trapezoid_lopsided_1, layout_vaults_chaotic_city,
          uniq_boris
Vaults:3: nicolae_vaults_windows_and_doors_thing, ontoclasm_vaults_tryst,
          minmay_crypt_entry_simple_round, kb_rosetta,
          nicolae_vaults_network_square, nicolae_vaults_network_quinsquares
          [nicolae_vaults_network_quincunx_subvault,
          nicolae_vaults_network_quincunx_subvault,
          nicolae_vaults_network_quincunx_subvault,
          nicolae_vaults_network_quincunx_subvault], vaults_room_grid,
          nicolae_vaults_specimen_jars, layout_vaults_omnigrid
Vaults:4: gammafunk_ghost_wrathful_warriors,
          nicolae_vaults_door_testing_chamber, nicolae_vaults_steering_wheel,
          vaults_dpeg_diagonal, vaults_room_pools, nicolae_vaults_tetromino_T_2,
          nicolae_vaults_taking_the_gang_shopping, nicolae_vaults_tetromino_Z_1,
          nicolae_vaults_little_squares_6, nicolae_vaults_turnstiles,
          nicolae_vaults_network_s, nicolae_vaults_mitosis,
          nicolae_vaults_variable_pillar_hall, nicolae_vaults_hexular_roomagon,
          v_misc_23, nicolae_vaults_cochlea, nicolae_vaults_double_plus_3,
          layout_vaults_maze_bifur, serial_shops, shop, uniq_mara,
          uniq_bai_suzhen
Vaults:5: uniq_margery
Crypt:1:  ragdoll_tomb_raider, layout_misc_corridors,
          serial_library_hellmonk_octagon
Crypt:2:  layout_gridlike
Crypt:3:  quadcrypt_mu, uniq_josephina, uniq_mennas, uniq_sojobo
Depths:1: layout_cave_shapes, grunt_pan_entry_zigzag, gammafunk_ghost_cemetery,
          nicolae_kite_square_tiling_tiny, hell_entry, drop_trap,
          kennysheep_generic_room_13, minmay_shoptagon
Depths:2: minmay_nested_s, layout_cave_shapes, nrook_pool_corridor,
          pf_dread_powers_of_hell, pan_entry, serial_shops,
          nicolae_lakefront_shop, kennysheep_small_spiral, hangedman_aviary,
          infiniplex_staircase_river
Depths:3: regret_index_all_hallows'_manor, layout_gridlike, enter_ziggurat_e,
          pan_entry, abyss_entry, nicolae_tricolors, grunt_hell_entry_dis_old,
          lemuel_angel_altar, uniq_xtahua, uniq_enchantress
Depths:4: grunt_bruiser_brothers, layout_cave_pools, hell_entry, uniq_grunn
Hell
Zot:1:    circus_mu, layout_gridlike, st_stairs_7
Zot:2:    grunt_zot_stairs_mandelzot, layout_twisted_circle, st_stairs_14
Zot:3:    layout_basic, st_stairs_9, st_small_dragon_hoard_2, uniq_vv
Zot:4:    layout_misc_corridors, regret_index_zotdec_silver_v_v_loose,
          hangedman_zot_decor_unnerving_road
Zot:5:    layout_gridlike

Skill      XL: |  1  2  3  4  5  6  7  8  9 10 11 12 13 14 15 16 17 18 19 20 21 22 23 24 25 26 27 |
---------------+----------------------------------------------------------------------------------+-----
Axes           | 2 3 4 5 6 8 9 11 12 14 15 16 17 18 19 23 | 23.2
Fighting       | 4 5 6 7 8 10 12 14 15 17 18 20 21 23 24 26 27 | 27.0
Armour         | 4 5 6 7 8 10 11 13 15 16 17 18 19 21 22 24 25 | 25.0
Shields        | 4 5 6 7 9 10 11 12 13 14 15 16 17 18 20 22 24 27 | 27.0
Invocations    | 1 3 6 7 9 10 | 10.0
Evocations     | 3 4 |  4.0
Dodging        | 1 5 8 15 | 15.4

Action                     |  1- 3 |  4- 6 |  7- 9 | 10-12 | 13-15 | 16-18 | 19-21 | 22-24 | 25-27 || total
---------------------------+-------+-------+-------+-------+-------+-------+-------+-------+-------++-------
  Melee: War axe           |   110 |   167 |   519 |   381 |   236 |   210 |       |       |       ||  1623
         Morningstar       |       |       |     5 |   447 |    20 |    21 |       |       |       ||   493
         Broad axe         |       |       |       |       |   877 |  1028 |   948 |  1135 |  2112 ||  6100
  Throw: Javelin           |       |       |       |       |       |     1 |       |       |       ||     1
 Invoke: Heroism           |       |       |     1 |    13 |    17 |    15 |    14 |    23 |    43 ||   126
         Receive Weapon    |       |       |       |       |     1 |       |       |       |       ||     1
         Receive Armour    |       |       |       |       |     1 |       |       |       |       ||     1
         Finesse           |       |       |       |       |     3 |     6 |     5 |     3 |    18 ||    35
  Evoke: Wand              |       |       |       |     1 |     4 |    12 |     4 |       |     2 ||    23
    Use: Scroll            |       |       |    11 |    15 |     4 |     6 |     4 |     7 |    18 ||    65
         Potion            |       |       |     1 |     2 |     3 |     2 |     3 |    12 |    18 ||    41
   Stab: Invisible         |       |       |       |     1 |       |       |    11 |       |       ||    12
         Distracted        |       |       |       |       |       |     1 |     1 |       |    19 ||    21
         Confused          |       |       |       |       |       |     1 |       |       |       ||     1
         Paralysed         |       |       |       |       |       |       |       |       |     1 ||     1
 Armour: Scale mail        |    81 |    28 |       |       |       |       |       |       |       ||   109
         Chain mail        |       |   113 |   605 |    79 |       |       |       |       |       ||   797
         Crystal plate arm |       |       |       |   722 |   766 |  1126 |   464 |   560 |  1062 ||  4700
  Dodge: Dodged            |    62 |    81 |   280 |   149 |   126 |   195 |    90 |   170 |   359 ||  1512
  Block: Buckler           |    27 |    32 |   211 |    72 |       |       |       |       |       ||   342
         Kite shield       |       |       |       |   490 |   392 |       |       |       |       ||   882
         Tower shield      |       |       |       |       |   625 |  1705 |   789 |  1017 |  2115 ||  6251
         Reflection        |       |       |       |       |    42 |     7 |    72 |    62 |    25 ||   208

Table legend: (Time is in decaauts)
 A = Elapsed time spent in this place.
 B = Non-inter-level travel time spent in this place.
 C = Inter-level travel time spent in this place.
 D = Time resting spent in this place.
 E = Time spent auto-exploring this place.
 F = Levels seen in this place.
 G = Mean time per level.
                   A        B        C        D        E       F      G
               +--------+--------+--------+--------+--------+-----+--------+
         Total |  83399 |  76254 |   7145 |  10046 |  51037 |  65 | 1283.1 |
       Dungeon |  15657 |  13455 |   2202 |   1833 |   8258 |  15 | 1043.8 |
        Temple |     28 |      1 |     27 |      0 |      0 |   1 |   28.0 |
          Lair |   7718 |   6893 |    825 |   1287 |   4112 |   5 | 1543.6 |
         Swamp |   2912 |   2716 |    196 |    353 |   1688 |   4 |  728.0 |
   Spider Nest |   4796 |   4383 |    413 |    469 |   2583 |   4 | 1199.0 |
    Slime Pits |   2056 |   1826 |    230 |    501 |    876 |   5 |  411.2 |
  Orcish Mines |   2035 |   1792 |    243 |    149 |   1045 |   2 | 1017.5 |
   Elven Halls |   5071 |   4788 |    283 |    679 |   2883 |   3 | 1690.3 |
        Vaults |  17980 |  17204 |    776 |   1568 |  13916 |   5 | 3596.0 |
         Crypt |   4756 |   4622 |    134 |    989 |   2874 |   3 | 1585.3 |
        Depths |  11054 |   9952 |   1102 |   1115 |   7739 |   4 | 2763.5 |
          Hell |     40 |     40 |      0 |      0 |      0 |   1 |   40.0 |
           Zot |   7475 |   6768 |    707 |   1037 |   4374 |   5 | 1495.0 |
         Abyss |    827 |    827 |      0 |      0 |    260 |   5 |  165.4 |
      Ziggurat |     20 |     20 |      0 |      2 |     10 |   1 |   20.0 |
         Sewer |    481 |    481 |      0 |      0 |    227 |   1 |  481.0 |
        Bailey |    485 |    485 |      0 |     60 |    189 |   1 |  485.0 |
               +--------+--------+--------+--------+--------+-----+--------+

Top non-repeatable levels by time:
Vaults:5: 4019 daAuts
Vaults:3: 3941 daAuts
Vaults:1: 3746 daAuts
Vaults:2: 3708 daAuts
Depths:3: 3428 daAuts
Depths:2: 3317 daAuts
Vaults:4: 2564 daAuts
Depths:1: 2545 daAuts
   Elf:3: 2366 daAuts
  Lair:2: 1904 daAuts
 Crypt:3: 1898 daAuts
Spider:3: 1768 daAuts
Depths:4: 1763 daAuts
  Lair:4: 1760 daAuts
  Lair:5: 1735 daAuts
